Map: Acid Plant LE

Players

HeRoMaRinE - Winner!

  • Race: Terran Terran
  • League: Master
  • Spawn Location: 5:00

HellraiseR

  • Race: Protoss Protoss
  • League: Master
  • Spawn Location: 11:00

Event: HomeStory Cup XVII

VOD

Have the link to the VOD?

Description

Time

  • Played on: June 29, 2018, 6:16 a.m.
  • Length: 10:19

All games in this series

Show
View Real Time Build Order
Export as new Build Order

HeRoMaRinE Terran - Winner!

Build Orders: Gas First Reaper Expand, Reaper Expand, MMM Bio, Banshee Rush 

Get SALT Encoding   

  12  0:01  SCV  
  13  0:13  SCV  
  14  0:17  Supply Depot  
  14  0:25  SCV  
  15  0:33  Refinery  
  15  0:38  SCV  
  16  0:44  Barracks  
  16  0:51  SCV  
  17  1:03  SCV  
  18  1:15  SCV  
  19  1:31  Orbital Command, Reaper  
  20  1:44  Command Center  
  20  1:56  Factory  
  20  2:00  SCV  
  21  2:07  Refinery  
  21  2:10  Barracks Reactor  
  21  2:13  SCV  
  22  2:21  Supply Depot  
  22  2:25  SCV  
  23  2:43  Widow Mine, SCV  
  26  2:47  Marine x2  
  26  2:48  Starport  
  28  2:55  SCV  
  29  2:59  Orbital Command  
  29  3:07  SCV  
  29  3:11  Cyclone  
  33  3:15  Marine x2  
  33  3:19  SCV  
  36  3:23  Starport Tech Lab  
  36  3:26  Starport Tech Lab  
  36  3:27  SCV  
  36  3:31  SCV  
  38  3:35  Marine x2  
  38  3:39  SCV  
  41  3:42  Supply Depot  
  41  3:44  Cloaking Field  
  41  3:45  Banshee  
  44  3:51  Factory Tech Lab  
  44  3:55  SCV x2  
  46  4:04  Supply Depot, Marine x2  
  46  4:07  SCV x2  
  50  4:12  Siege Tank  
  50  4:13  Supply Depot  
  53  4:19  SCV  
  53  4:23  Bunker  
  54  4:26  SCV, Marine x2  
  54  4:31  Banshee, SCV  
  60  4:38  SCV  
  60  4:43  SCV  
  64  4:50  SCV  
  64  4:51  Command Center  
  63  4:54  Siege Tank  
  63  4:55  SCV, Marine  
  63  4:58  Marine  
  69  5:02  SCV  
  70  5:10  Barracks  
  70  5:11  Barracks  
  70  5:13  Engineering Bay  
  70  5:15  SCV x2  
  70  5:18  Marine  
  70  5:19  Marine  
  74  5:27  Refinery x2, SCV x2  
  73  5:36  Marine x2  
  73  5:39  SCV x2  
  73  5:40  Bunker  
  77  5:52  SCV  
  78  5:58  SCV  
  78  6:02  Terran Infantry Weapons Level 1  
  78  6:03  Orbital Command  
  78  6:04  Stimpack, Marauder, SCV  
  79  6:07  Missile Turret, Barracks Tech Lab  
  79  6:08  Marine x2  
  79  6:11  SCV  
  82  6:13  Factory Reactor  
  82  6:16  SCV  
  83  6:19  Missile Turret x2  
  83  6:21  Missile Turret  
  83  6:23  SCV  
  86  6:25  Supply Depot  
  86  6:26  Marauder  
  86  6:27  Supply Depot  
  86  6:28  SCV  
  86  6:30  Orbital Command, Marine x2  
  89  6:33  Marauder  
  89  6:36  Combat Shield, SCV  
  90  6:40  SCV  
  91  6:48  SCV  
  91  6:51  Marauder  
  94  6:54  Marauder  
  94  6:57  SCV x2  
  94  6:59  Medivac x2  
  94  7:00  SCV  
  103  7:02  Barracks  
  103  7:03  Barracks  
  103  7:05  Starport  
  103  7:06  Fusion Core  
  96  7:09  SCV x2  
  96  7:12  Marauder, SCV  
  96  7:13  Marine  
  92  7:16  Marauder  
  92  7:20  Marine  
  92  7:21  SCV  
  92  7:22  SCV  
  96  7:25  Factory Tech Lab  
  96  7:29  SCV  
  97  7:32  Medivac x2  
  97  7:33  Marauder, Bunker, SCV  
  97  7:34  SCV  
  97  7:36  Supply Depot  
  105  7:37  Marauder  
  105  7:39  Supply Depot  
  105  7:41  SCV  
  105  7:42  Refinery  
  105  7:43  Refinery  
  108  7:45  Missile Turret  
  108  7:46  SCV  
  108  7:49  Supply Depot, Liberator x2  
  108  7:50  Barracks Tech Lab, Barracks Reactor  
  109  7:58  SCV x2, Marine x4  
  114  8:03  SCV  
  116  8:10  Advanced Ballistics, SCV x2  
  116  8:12  Supply Depot  
  124  8:14  Marauder  
  124  8:15  Marine  
  124  8:16  Marauder  
  124  8:18  Supply Depot  
  124  8:19  Supply Depot, Marine  
  129  8:20  Marine  
  129  8:22  Concussive Shells  
  129  8:23  Liberator  
  131  8:33  Marine  
  132  8:34  Liberator  
  132  8:35  Marauder  
  132  8:37  Marauder, Liberator, Marine x2  
  132  8:38  Marauder  
  142  8:43  Supply Depot  
  142  8:44  Marine  
  142  8:45  Supply Depot  
  142  8:51  Marine  
  149  8:57  Marauder  
  149  8:59  Marauder x2  
  149  9:00  Supply Depot, Marine x2  
  157  9:05  Liberator  
  157  9:14  Command Center  
  156  9:17  Liberator  
  156  9:18  Marauder  
  156  9:20  Marauder, Marine  
  156  9:21  Marauder, Marine  
  166  9:26  Marine x2  
  168  9:32  Barracks x3  
  168  9:33  Supply Depot  
  168  9:34  Supply Depot  
  171  9:40  Marauder  
  171  9:44  Marine x2  
  178  9:53  Marauder  
  178  9:55  Marauder, Factory Reactor  
  178  9:57  Supply Depot  
  178  9:59  Marine x2  
Show
View Real Time Build Order
Export as new Build Order

HellraiseR Protoss 

Build Orders: 1 Gate Expand, Oracle Opening, Phoenix Opening 

Get SALT Encoding   

  12  0:00  Probe  
  13  0:13  Probe  
  14  0:17  Pylon  
  14  0:22  Probe  
  15  0:31  Probe  
  16  0:38  Gateway  
  16  0:39  Probe  
  17  0:51  Probe  
  17  0:53  Assimilator  
  18  1:03  Probe  
  19  1:15  Probe  
  20  1:23  Nexus  
  20  1:34  Cybernetics Core  
  20  1:37  Probe  
  21  1:42  Assimilator  
  21  1:50  Probe  
  21  1:54  Pylon  
  22  2:01  Probe  
  22  2:03  Adept  
  23  2:09  Probe  
  26  2:16  Stargate  
  26  2:17  Probe  
  27  2:24  Warp Gate  
  27  2:28  Probe  
  28  2:31  Probe  
  28  2:36  Adept  
  31  2:39  Probe  
  31  2:40  Probe  
  33  2:49  Probe  
  33  2:50  Oracle  
  33  2:52  Probe  
  33  2:57  Shield Battery  
  35  3:03  Probe  
  35  3:05  Probe  
  40  3:12  Pylon  
  40  3:15  Probe  
  40  3:17  Probe  
  40  3:19  Oracle  
  43  3:27  Probe  
  43  3:30  Probe  
  43  3:33  Gateway  
  47  3:35  Gateway  
  47  3:39  Probe  
  48  3:42  Probe  
  48  3:44  Assimilator  
  48  3:48  Assimilator  
  49  3:51  Probe  
  49  3:52  Pylon  
  49  3:54  Probe  
  51  3:59  Phoenix  
  53  4:03  Probe  
  53  4:09  Pylon  
  54  4:10  Probe  
  54  4:15  Probe, Phoenix  
  56  4:18  Twilight Council  
  56  4:19  Forge  
  59  4:25  Protoss Ground Weapons Level 1  
  59  4:33  Stalker x2  
  59  4:34  Stalker  
  64  4:40  Probe x2  
  66  4:50  Blink  
  66  4:52  Nexus  
  66  5:04  Probe x2  
  67  5:16  Probe x2  
  67  5:20  Pylon  
  69  5:22  Pylon  
  69  5:23  Robotics Facility  
  69  5:28  Probe  
  69  5:38  Gateway  
  69  5:41  Gateway  
  69  5:42  Stalker  
  71  5:43  Stalker, Gateway  
  71  5:46  Stalker  
  75  5:51  Probe  
  71  5:57  Probe  
  72  6:04  Pylon  
  72  6:06  Sentry  
  72  6:07  Sentry  
  72  6:09  Stalker  
  72  6:10  Warp Prism  
  80  6:11  Protoss Ground Armor Level 1  
  80  6:24  Nexus  
  80  6:30  Stalker x2  
  84  6:32  Stalker  
  84  6:37  Probe x2  
  88  6:40  Pylon  
  88  6:41  Charge  
  88  6:45  Stalker x2  
  88  6:46  Observer  
  93  7:02  Probe  
  93  7:07  Stalker x2  
  93  7:08  Probe, Stalker x2  
  95  7:14  Probe  
  83  7:18  Immortal  
  83  7:21  Probe  
  74  7:26  Probe  
  74  7:28  Phoenix, Robotics Bay  
  79  7:33  Probe  
  82  7:38  Probe  
  82  7:39  Probe  
  84  7:45  Probe  
  84  7:46  Stalker x3  
  84  7:50  Probe  
  92  7:51  Probe  
  92  7:55  Gateway x2  
  92  7:56  Immortal  
  92  7:57  Probe  
  94  8:00  Protoss Ground Weapons Level 2  
  94  8:03  Probe  
  94  8:05  Probe  
  100  8:12  Assimilator  
  100  8:14  Probe  
  100  8:15  Assimilator  
  100  8:16  Probe  
  102  8:20  Colossus  
  102  8:25  Photon Cannon  
  102  8:36  Extended Thermal Lance  
  102  8:39  Zealot x3  
  102  8:40  Zealot  
  116  8:42  Pylon  
  116  8:45  Pylon  
  116  8:55  Pylon  
  116  8:57  Pylon  
  116  8:58  Pylon  
  116  9:04  Colossus  
  116  9:06  Nexus  
  119  9:26  Zealot x8  
  135  9:31  Pylon, Templar Archives  
  135  9:33  Probe  
  136  9:53  Zealot x6  
  136  9:54  Sentry  
  136  9:56  Stalker  
  136  9:57  Pylon  
Tags
 
Add a new tag
Caveats
  • Supply blocks, unpowered buildings, or Contaminate may cause inaccurate times.
  • Supply counts are checked every 10 seconds.